 Dungeon Sprint DCSS version 0.17-a0-777-g32247ce (webtiles) character file.

1416 lorenzova the Brawler (level 8, -1/74 HPs)
             Began as a Troll Monk on Apr 25, 2015.
             Was a Priest of Qazlal.
             Slain by a demonic crawler (5 damage)
             ... in the Dungeon (Sprint I: "Red Sonja").
             The game lasted 00:02:03 (457 turns).

lorenzova the Brawler (Troll Monk)                   Turns: 457, Time: 00:02:04

Health: -1/74      AC:  5    Str: 22    XL:     8   Next: 43%
Magic:  7/7        EV: 10    Int:  6    God:    Qazlal [***...]
Gold:   420        SH:  4    Dex: 12    Spells: 0 memorised, 7 levels left

rFire  . . .     SeeInvis .       - Unarmed
rCold  . . .     Clarity  .     i - +0 robe {Archmagi}
rNeg   . . .     SustAb   .     (no shield)
rPois  .         Gourm    +     (helmet restricted)
rElec  .         Spirit   .     (no cloak)
rCorr  .         Warding  .     (gloves unavailable)
rMut   .         NoTele   +     (boots unavailable)
MR     .....                    (no amulet)
Stlth  +.........               (no ring)
                                (no ring)

@: not resistant to hostile enchantments, very unstealthy
A: unfitting armour, claws 3, fast metabolism 3, gourmand, regeneration 2,
shaggy fur 1, tough skin 2
a: Upheaval, Elemental Force, Renounce Religion


You were in the Dungeon.
You worshipped Qazlal.
Qazlal was most pleased with you.
You were not hungry.

You visited 1 branch You collected 420 gold pieces.

Inventory:

Armour
 a - a +0 robe
 i - a +0 robe of the Archmagi (worn)
Scrolls
 h - a scroll of blinking
Potions
 c - a potion of curing
 d - a potion of heal wounds
 e - a potion of haste
 f - 2 potions of magic
 g - a potion of berserk rage
Comestibles
 b - 2 bread rations


   Skills:
 - Level 2.4 Fighting
 - Level 2.4 Dodging
 - Level 1.1 Stealth
 + Level 17.8 Unarmed Combat


You had 7 spell levels left.
You didn't know any spells.

Dungeon Overview and Level Annotations

Branches:
Dungeon (1/1)

Altars:
Cheibriados
Dithmenos
Elyvilon
Fedhas
Gozag
Kikubaaqudgha
Makhleb
Nemelex Xobeh
Okawaru
Qazlal
Ru
Sif Muna
Trog
Vehumet
Xom
Yredelemnul
Zin
The Shining One
Jiyva

Shops:
D }


Innate Abilities, Weirdness & Mutations

You are too large for most types of armour.
You have claws for hands.
Your metabolism is lightning-fast.
You like to eat raw meat.
You heal very quickly.
You are covered in fur (AC +1).
You have very tough skin (AC +2).


Message History

a dagger; a robe The demonic crawler hits you.
* * * LOW HITPOINT WARNING * * *
The demonic crawler hits you.
* * * LOW HITPOINT WARNING * * *
The demonic crawler hits you.
* * * LOW HITPOINT WARNING * * *
Unknown command.
There is an open door here.
The demonic crawler is engulfed in roaring flames.
There is a snail-covered altar of Cheibriados here.
An arrow hits the demonic crawler, but does no damage!
There is an open door, spattered with blood here.
You mangle the demonic crawler!!
The demonic crawler is moderately wounded.
The demonic crawler is engulfed in freezing vapours.
The demonic crawler hits you.
* * * LOW HITPOINT WARNING * * *
The demonic crawler hits you.
You die...

##########################
#<.#..').#.)'..#__#..)...#
#..'..#..'..#.@sss'..#)..##+#
#..#####'#####'#__####...†..#
#..####..#...#.#### #####..+
#..#__####..##)# ##
#..#_..__##§#..+
#⌠⌠#_.∩...'..._#
####_..._##_.#+# #_____###+#
#######


You could see 3 demonic crawlers.

Vanquished Creatures
  2 kobold demonologists (D)
  A demonic crawler (D)
  A slime creature (D)
  Sigmund (D)
  A yak (D)
  An ogre (D)
  A jelly (D)
  Ijyb (D)
  A white imp (D)
  A giant eyeball (D)
  An ufetubus (D)
12 creatures vanquished.

Notes
Turn   | Place    | Note
--------------------------------------------------------------
     0 | D        | lorenzova, the Troll Monk, began the quest for the Orb.
     0 | D        | Reached XP level 1. HP: 22/22 MP: 0/0
     2 | D        | Noticed Ijyb
    12 | D        | Killed Ijyb
    12 | D        | Reached skill level 7 in Unarmed Combat
    12 | D        | Reached XP level 2. HP: 29/29 MP: 1/1
    21 | D        | Noticed an ogre
    27 | D        | Killed an ogre
    27 | D        | Reached skill level 10 in Unarmed Combat
    27 | D        | Reached XP level 3. HP: 2/36 MP: 2/2
    27 | D        | Reached XP level 4. HP: 2/44 MP: 3/3
   114 | D        | Noticed Sigmund
   127 | D        | Killed Sigmund
   127 | D        | Reached skill level 12 in Unarmed Combat
   127 | D        | Reached XP level 5. HP: 20/50 MP: 4/4
   127 | D        | Reached XP level 6. HP: 23/59 MP: 5/5
   215 | D        | Found a deep blue altar of Sif Muna.
   216 | D        | Noticed a jelly
   217 | D        | Found a radiant altar of Vehumet.
   221 | D        | Killed a jelly
   221 | D        | Reached skill level 13 in Unarmed Combat
   246 | D        | Found Iduim's Gadget Emporium.
   246 | D        | Found a white marble altar of Elyvilon.
   246 | D        | Found a stormy altar of Qazlal.
   246 | D        | Found a burning altar of Makhleb.
   246 | D        | Found a sacrificial altar of Ru.
   246 | D        | Found a basalt altar of Yredelemnul.
   246 | D        | Found a glowing golden altar of the Shining One.
   246 | D        | Found a sparkling altar of Nemelex Xobeh.
   246 | D        | Found a shimmering altar of Xom.
   246 | D        | Found an opulent altar of Gozag.
   246 | D        | Found an ancient bone altar of Kikubaaqudgha.
   246 | D        | Found a glowing silver altar of Zin.
   246 | D        | Noticed a yak
   247 | D        | Found an iron altar of Okawaru.
   250 | D        | Killed a yak
   250 | D        | Reached skill level 14 in Unarmed Combat
   251 | D        | Found a bloodstained altar of Trog.
   267 | D        | Became a worshipper of Qazlal Stormbringer
   267 | D        | Acquired Qazlal's first power
   267 | D        | Acquired Qazlal's second power
   280 | D        | Found a viscous altar of Jiyva.
   280 | D        | Found a blossoming altar of Fedhas.
   280 | D        | Noticed a slime creature
   281 | D        | Found a snail-covered altar of Cheibriados.
   281 | D        | Found a shadowy altar of Dithmenos.
   286 | D        | Killed a slime creature
   286 | D        | Reached skill level 15 in Unarmed Combat
   286 | D        | Reached XP level 7. HP: 32/66 MP: 6/6
   362 | D        | Noticed a kobold demonologist
   369 | D        | Noticed a red devil
   373 | D        | Killed a kobold demonologist
   373 | D        | Reached skill level 16 in Unarmed Combat
   374 | D        | Noticed a kobold demonologist
   375 | D        | Paralysed by a giant eyeball for 4 turns
   378 | D        | Noticed a soul eater
   381 | D        | Noticed a ynoxinul
   388 | D        | Killed a kobold demonologist
   388 | D        | Acquired Qazlal's third power
   388 | D        | Reached skill level 17 in Unarmed Combat
   388 | D        | Reached XP level 8. HP: 50/74 MP: 7/7
   437 | D        | Noticed a demonic crawler
   437 | D        | Noticed a demonic crawler
   437 | D        | Noticed a demonic crawler
   437 | D        | Noticed a demonic crawler
   442 | D        | Killed a demonic crawler
   457 | D        | Slain by a demonic crawler

Action                   |  1- 3 |  4- 6 |  7- 9 || total
-------------------------+-------+-------+-------++-------
Melee: Unarmed           |    16 |    21 |    24 ||    61
 Stab: Sleeping          |       |     1 |       ||     1
  Eat: Chunk             |     1 |     1 |       ||     2
